| TOP OF THE 1ST |
|
Washington Nationals batting - Pitching for Atlanta Braves : RHP Scott Bernstein
|
|
Pitching: RHP Scott Bernstein
|
|
|
Batting: SHB Dylan Novakowski
|
0-0: Called Strike 0-1: Ball 1-1: Foul Ball, location: 2F 1-2: Ground out 5-3 (Groundball, 56, EV 87.5 MPH)
|
|
Batting: RHB Dave Vargas
|
0-0: Ball 1-0: Ball 2-0: Ball 3-0: Base on Balls
|
|
Batting: LHB Kyung-jin Cho
|
0-0: Called Strike 0-1: Ball 1-1: Grounds into double play, 4-6-3 (Groundball, 4, EV 92.5 MPH)
|
| Top of the 1st over - 0 runs, 0 hits, 0 errors, 0 left on base; Washington 0 - Atlanta 0 |
| BOTTOM OF THE 1ST |
|
Atlanta Braves batting - Pitching for Washington Nationals : RHP Jon Glenn
|
|
Pitching: RHP Jon Glenn
|
|
|
Batting: RHB Liangde Li
|
0-0: Called Strike 0-1: Ball 1-1: Ground out 6-3 (Groundball, 6S, EV 66.2 MPH)
|
|
Batting: SHB Floyd-William Goof
|
0-0: Ball 1-0: SINGLE (Groundball, 34S, EV 69.4 MPH) (infield hit)
|
|
Batting: LHB Erik Gretzky
|
0-0: Called Strike 0-1: Grounds into double play, 6-4-3 (Groundball, 6, EV 83.8 MPH)
|
| Bottom of the 1st over - 0 runs, 1 hit, 0 errors, 0 left on base; Washington 0 - Atlanta 0 |
| TOP OF THE 2ND |
|
Washington Nationals batting - Pitching for Atlanta Braves : RHP Scott Bernstein
|
|
Batting: LHB Emmanuel Gaskin
|
0-0: Ball 1-0: Ball 2-0: Ball 3-0: Fly out, F8 (Flyball, 78D, EV 81.9 MPH)
|
|
Batting: RHB Kirk Arp
|
0-0: Swinging Strike 0-1: TRIPLE (Flyball, 89XD, EV 105.0 MPH)
|
|
Batting: LHB Bob Melley
|
0-0: Ball 1-0: Foul Ball, location: 2F 1-1: Foul Ball, location: 2F 1-2: Strikes out looking
|
|
Batting: RHB Dan Fallon
|
0-0: Called Strike 0-1: Foul Ball, location: 2F 0-2: Ball 1-2: Ground out 4-3 (Groundball, 4, EV 81.9 MPH)
|
| Top of the 2nd over - 0 runs, 1 hit, 0 errors, 1 left on base; Washington 0 - Atlanta 0 |
| BOTTOM OF THE 2ND |
|
Atlanta Braves batting - Pitching for Washington Nationals : RHP Jon Glenn
|
|
Batting: RHB Ike Trout
|
0-0: DOUBLE (Flyball, 8LXD, EV 105.0 MPH)
|
|
Batting: RHB Kevin Howard
|
0-0: SINGLE (Line Drive, 7LM, EV 101.9 MPH) Ike Trout to third
|
|
Batting: LHB Evan Torraville
|
0-0: Foul Ball, location: 2F Pickoff Throw to First - Out! 1-3 0-1: Ball 1-1: Ball 2-1: Ball 3-1: Called Strike 3-2: Foul Ball, location: 2F 3-2: Foul Ball, location: 2F 3-2: Ground out 3-1 (Groundball, 34S, EV 76.2 MPH) Ike Trout scores
|
|
Batting: RHB Manny Vergara
|
0-0: Called Strike 0-1: Swinging Strike 0-2: Ground out 6-3 (Groundball, 6, EV 85.0 MPH)
|
| Bottom of the 2nd over - 1 run, 2 hits, 0 errors, 0 left on base; Washington 0 - Atlanta 1 |
| TOP OF THE 3RD |
|
Washington Nationals batting - Pitching for Atlanta Braves : RHP Scott Bernstein
|
|
Batting: LHB Griffin Ferris
|
0-0: Ball 1-0: Called Strike 1-1: Foul Ball, location: 2F 1-2: Foul Ball, location: 2F 1-2: Foul Ball, location: 2F 1-2: Ball 2-2: Ball 3-2: Base on Balls
|
|
Batting: RHB Eric Wiss
|
0-0: Ball 1-0: Ball 2-0: Called Strike 2-1: Fly out, F7 (Flyball, 7, EV 88.8 MPH)
|
|
Batting: SHB Dylan Novakowski
|
0-0: Foul Ball, location: 2F 0-1: Ball 1-1: Ball 2-1: SINGLE (Line Drive, 89M, EV 101.2 MPH) Griffin Ferris to second
|
|
Batting: RHB Dave Vargas
|
0-0: Ball 1-0: Called Strike 1-1: Foul Ball, location: 2F 1-2: Strikes out swinging
|
|
Batting: LHB Kyung-jin Cho
|
0-0: Ground out U3 (Groundball, 3, EV 98.8 MPH)
|
| Top of the 3rd over - 0 runs, 1 hit, 0 errors, 2 left on base; Washington 0 - Atlanta 1 |
| BOTTOM OF THE 3RD |
|
Atlanta Braves batting - Pitching for Washington Nationals : RHP Jon Glenn
|
|
Batting: RHB J.J. Powers
|
0-0: Ball 1-0: Fly out, F8 (Flyball, 8LM, EV 90.6 MPH)
|
|
Batting: RHB Zheng-ze King
|
0-0: Called Strike 0-1: Foul Ball, location: 2F 0-2: Strikes out looking
|
|
Batting: RHB Liangde Li
|
0-0: Ball 1-0: Foul Ball, location: 2F 1-1: Called Strike 1-2: Fly out, F9 (Flyball, 89M, EV 85.0 MPH)
|
| Bottom of the 3rd over - 0 runs, 0 hits, 0 errors, 0 left on base; Washington 0 - Atlanta 1 |
| TOP OF THE 4TH |
|
Washington Nationals batting - Pitching for Atlanta Braves : RHP Scott Bernstein
|
|
Batting: LHB Emmanuel Gaskin
|
0-0: Ball 1-0: Called Strike 1-1: Ball 2-1: Ball 3-1: Base on Balls
|
|
Batting: RHB Kirk Arp
|
0-0: SINGLE (Groundball, 25, EV 70.6 MPH) (infield hit) Emmanuel Gaskin to second
|
|
Batting: LHB Bob Melley
|
0-0: Foul Ball, location: 2F 0-1: Foul Ball, location: 2F 0-2: Strikes out swinging
|
|
Batting: RHB Dan Fallon
|
0-0: Ball 1-0: Grounds into double play, 4-6-3 (Groundball, 4S, EV 91.9 MPH)
|
| Top of the 4th over - 0 runs, 1 hit, 0 errors, 1 left on base; Washington 0 - Atlanta 1 |
| BOTTOM OF THE 4TH |
|
Atlanta Braves batting - Pitching for Washington Nationals : RHP Jon Glenn
|
|
Batting: SHB Floyd-William Goof
|
0-0: Ball 1-0: Ball 2-0: Called Strike 2-1: Ball 3-1: Base on Balls
|
|
Batting: LHB Erik Gretzky
|
0-0: Swinging Strike 0-1: Ball 1-1: Ball 2-1: Ball Floyd-William Goof steals 2nd base 3-1: Foul Ball, location: 2F 3-2: Strikes out swinging
|
|
Batting: RHB Ike Trout
|
0-0: Ball 1-0: Swinging Strike 1-1: Ball 2-1: Ball 3-1: Base on Balls
|
|
Batting: RHB Kevin Howard
|
0-0: Called Strike 0-1: Ball 1-1: Swinging Strike 1-2: Foul Ball, location: 2F 1-2: Ball 2-2: Foul Ball, location: 2F 2-2: SINGLE (Line Drive, 34D, EV 100.6 MPH) Floyd-William Goof to third Ike Trout to second Runner from 3rd tries for Home, SAFE, throw by RF to home
|
|
Batting: LHB Evan Torraville
|
0-0: Called Strike 0-1: Foul Ball, location: 2F 0-2: Ball 1-2: Strikes out swinging
|
|
Batting: RHB Manny Vergara
|
0-0: Ball Ike Trout steals 3rd base 1-0: Called Strike 1-1: Foul Ball, location: 2F 1-2: Fielders Choice at 2nd, 6-4 (Groundball, 6, EV 81.2 MPH)
|
| Bottom of the 4th over - 1 run, 1 hit, 0 errors, 2 left on base; Washington 0 - Atlanta 2 |
| TOP OF THE 5TH |
|
Washington Nationals batting - Pitching for Atlanta Braves : RHP Scott Bernstein
|
|
Batting: LHB Griffin Ferris
|
0-0: Ball 1-0: Ball 2-0: Called Strike 2-1: Ball 3-1: Base on Balls
|
|
Batting: RHB Eric Wiss
|
0-0: Ball 1-0: Swinging Strike 1-1: Ball 2-1: Called Strike 2-2: Grounds into double play, 6-4-3 (Groundball, 6, EV 101.2 MPH)
|
|
Batting: SHB Dylan Novakowski
|
0-0: Ball 1-0: SINGLE (Line Drive, 7S, EV 100.6 MPH)
|
|
Batting: RHB Dave Vargas
|
0-0: Ball Dylan Novakowski steals 2nd base 1-0: Ground out U3 (Groundball, 34S, EV 67.5 MPH)
|
| Top of the 5th over - 0 runs, 1 hit, 0 errors, 1 left on base; Washington 0 - Atlanta 2 |
| BOTTOM OF THE 5TH |
|
Atlanta Braves batting - Pitching for Washington Nationals : RHP Jon Glenn
|
|
Batting: RHB J.J. Powers
|
0-0: Ball 1-0: Swinging Strike 1-1: SINGLE (Groundball, 25, EV 60.6 MPH) (infield hit)
|
|
Batting: RHB Zheng-ze King
|
0-0: SINGLE (Groundball, 34D, EV 108.1 MPH) J.J. Powers to second Runner from 2nd tries for 3rd, SAFE, throw by RF made to third Zheng-ze King to second
|
|
Batting: RHB Liangde Li
|
0-0: Ball 1-0: Ball 2-0: SINGLE (Groundball, 6MD, EV 108.1 MPH) J.J. Powers scores Zheng-ze King to third
|
|
Batting: SHB Floyd-William Goof
|
0-0: Called Strike Liangde Li steals 2nd base 0-1: Called Strike 0-2: Foul Ball, location: 2F 0-2: Strikes out looking
|
|
Batting: LHB Erik Gretzky
|
0-0: Called Strike 0-1: 3-RUN HOME RUN (Flyball, 9D, EV 95.6 MPH), Distance : 383 ft
|
|
Pitching: LHP Virgílio Beyfus
|
|
|
Batting: RHB Ike Trout
|
0-0: Ball 1-0: Called Strike 1-1: Ground out 5-3 (Groundball, 5S, EV 70.6 MPH)
|
|
Batting: RHB Kevin Howard
|
0-0: Ball 1-0: Ball 2-0: Called Strike 2-1: Ball 3-1: Base on Balls
|
|
Batting: LHB Evan Torraville
|
0-0: Ground out 1-3 (Groundball, P, EV 67.5 MPH)
|
| Bottom of the 5th over - 4 runs, 4 hits, 0 errors, 1 left on base; Washington 0 - Atlanta 6 |
| TOP OF THE 6TH |
|
Washington Nationals batting - Pitching for Atlanta Braves : RHP Scott Bernstein
|
|
Batting: LHB Kyung-jin Cho
|
0-0: Called Strike 0-1: Foul Ball, location: 2F 0-2: Foul Ball, location: 2F 0-2: Foul Ball, location: 2F 0-2: Strikes out looking
|
|
Batting: LHB Emmanuel Gaskin
|
0-0: Ball 1-0: Foul Ball, location: 2F 1-1: Reached on error, E3 (Groundball, 34, EV 90.0 MPH)
|
|
Batting: RHB Kirk Arp
|
0-0: Ball 1-0: Ball 2-0: Called Strike 2-1: Ground out 4-3 (Groundball, 34, EV 98.8 MPH) Emmanuel Gaskin to second
|
|
Batting: LHB Bob Melley
|
0-0: Ball 1-0: Called Strike 1-1: Ground out 1-3 (Groundball, 34S, EV 61.9 MPH)
|
| Top of the 6th over - 0 runs, 0 hits, 1 error, 1 left on base; Washington 0 - Atlanta 6 |
| BOTTOM OF THE 6TH |
|
Atlanta Braves batting - Pitching for Washington Nationals : LHP Virgílio Beyfus
|
|
Batting: RHB Manny Vergara
|
0-0: Called Strike 0-1: Ball 1-1: Called Strike 1-2: Foul Ball, location: 2F 1-2: Ground out 6-3 (Groundball, 56, EV 95.6 MPH)
|
|
Batting: RHB J.J. Powers
|
0-0: Ball 1-0: Foul Ball, location: 2F 1-1: Ball 2-1: Fly out, F8 (Line Drive, 78M, EV 91.9 MPH)
|
|
Batting: RHB Zheng-ze King
|
0-0: Foul Ball, location: 2F 0-1: Called Strike 0-2: Foul Ball, location: 2F 0-2: Ball 1-2: Ball 2-2: Ball 3-2: Base on Balls
|
|
Batting: RHB Liangde Li
|
0-0: Swinging Strike 0-1: SINGLE (Line Drive, 7S, EV 92.5 MPH) Zheng-ze King to second
|
|
Batting: SHB Floyd-William Goof
|
0-0: Ball 1-0: Swinging Strike 1-1: SINGLE (Flyball, 3D, EV 89.4 MPH) Zheng-ze King to third Liangde Li to second Runner from 3rd tries for Home, SAFE, throw by RF to home
|
|
Batting: LHB Erik Gretzky
|
0-0: Ball 1-0: Called Strike 1-1: Ball 2-1: Foul Ball, location: 2F 2-2: Foul Ball, location: 2F 2-2: Ball 3-2: Fly out, F3 (Popup, 23F, EV 86.2 MPH)
|
| Bottom of the 6th over - 1 run, 2 hits, 0 errors, 2 left on base; Washington 0 - Atlanta 7 |
| TOP OF THE 7TH |
|
Washington Nationals batting - Pitching for Atlanta Braves : RHP Scott Bernstein
|
|
Batting: RHB Dan Fallon
|
0-0: Called Strike 0-1: Ball 1-1: Called Strike 1-2: Ball 2-2: Ground out 6-3 (Groundball, 6, EV 101.9 MPH)
|
|
Batting: LHB Griffin Ferris
|
0-0: Fly out, F8 (Flyball, 8RM, EV 82.5 MPH)
|
|
Batting: RHB Eric Wiss
|
0-0: Ball 1-0: SOLO HOME RUN (Flyball, 8RXD, EV 101.9 MPH), Distance : 436 ft
|
|
Batting: SHB Dylan Novakowski
|
0-0: Ball 1-0: Foul Ball, location: 2F 1-1: Foul Ball, location: 2F 1-2: Ball 2-2: Strikes out swinging
|
| Top of the 7th over - 1 run, 1 hit, 0 errors, 0 left on base; Washington 1 - Atlanta 7 |
| BOTTOM OF THE 7TH |
|
Atlanta Braves batting - Pitching for Washington Nationals : LHP Virgílio Beyfus
|
|
Batting: RHB Ike Trout
|
0-0: Ball 1-0: Ball 2-0: Foul Ball, location: 2F 2-1: Ball 3-1: Foul Ball, location: 2F 3-2: Foul Ball, location: 2F 3-2: Base on Balls
|
|
Pitching: RHP Seth Bowersox
|
|
|
Batting: RHB Kevin Howard
|
0-0: Ball Ike Trout steals 2nd base 1-0: Ball 2-0: Called Strike 2-1: Fly out, F8 (Flyball, 8LM, EV 92.5 MPH)
|
|
Batting: LHB Evan Torraville
|
0-0: Called Strike 0-1: SINGLE (Groundball, 13S, EV 67.5 MPH) (infield hit) Ike Trout to third
|
|
Batting: RHB Manny Vergara
|
0-0: Grounds into double play, 5-4-3 (Groundball, 56, EV 85.0 MPH)
|
| Bottom of the 7th over - 0 runs, 1 hit, 0 errors, 1 left on base; Washington 1 - Atlanta 7 |
| TOP OF THE 8TH |
|
Washington Nationals batting - Pitching for Atlanta Braves : RHP Scott Bernstein
|
|
Pitching: RHP Tim Kull
|
|
|
Batting: RHB Dave Vargas
|
0-0: Called Strike 0-1: Ball 1-1: Ball 2-1: Foul Ball, location: 2F 2-2: DOUBLE (Line Drive, 89M, EV 105.0 MPH)
|
|
Batting: LHB Kyung-jin Cho
|
0-0: Ball 1-0: Ball 2-0: Ball 3-0: Called Strike 3-1: Called Strike 3-2: Foul Ball, location: 2F 3-2: Base on Balls
|
|
Batting: LHB Emmanuel Gaskin
|
0-0: Ball 1-0: Swinging Strike 1-1: Ball 2-1: Foul Ball, location: 2F 2-2: Strikes out looking
|
|
Pinch Hitting: LHB Seth Cook
|
0-0: Swinging Strike 0-1: Swinging Strike 0-2: Ball 1-2: Strikes out swinging
|
|
Batting: LHB Bob Melley
|
0-0: Ball 1-0: Called Strike 1-1: Ball 2-1: Swinging Strike 2-2: Foul Ball, location: 2F 2-2: Foul Ball, location: 2F 2-2: Strikes out swinging
|
| Top of the 8th over - 0 runs, 1 hit, 0 errors, 2 left on base; Washington 1 - Atlanta 7 |
| BOTTOM OF THE 8TH |
|
Atlanta Braves batting - Pitching for Washington Nationals : RHP Seth Bowersox
|
|
Now at 1B: Seth Cook
|
|
|
Now at 3B: Dan Fallon
|
|
|
Batting: RHB J.J. Powers
|
0-0: Ball 1-0: Foul Ball, location: 2F 1-1: Foul Ball, location: 2F 1-2: Strikes out looking
|
|
Batting: RHB Zheng-ze King
|
0-0: Ground out 4-3 (Groundball, 4M, EV 76.9 MPH)
|
|
Batting: RHB Liangde Li
|
0-0: Called Strike 0-1: Ball 1-1: Ball 2-1: Foul Ball, location: 2F 2-2: Ball 3-2: Foul Ball, location: 2F 3-2: Foul Ball, location: 2F 3-2: Strikes out swinging
|
| Bottom of the 8th over - 0 runs, 0 hits, 0 errors, 0 left on base; Washington 1 - Atlanta 7 |
| TOP OF THE 9TH |
|
Washington Nationals batting - Pitching for Atlanta Braves : RHP Tim Kull
|
|
Batting: RHB Dan Fallon
|
0-0: Ball 1-0: Ball 2-0: Foul Ball, location: 2F 2-1: Called Strike 2-2: SINGLE (Groundball, 6MD, EV 97.5 MPH)
|
|
Batting: LHB Griffin Ferris
|
0-0: Ball 1-0: Foul Ball, location: 2F 1-1: Called Strike 1-2: Ball 2-2: Strikes out swinging
|
|
Batting: RHB Eric Wiss
|
0-0: Ball 1-0: Foul Ball, location: 2F 1-1: Hit by Pitch Dan Fallon to second
|
|
Batting: SHB Dylan Novakowski
|
0-0: Called Strike 0-1: Foul Ball, location: 2F 0-2: Strikes out swinging
|
|
Batting: RHB Dave Vargas
|
0-0: Fly out, F8 (Flyball, 8LD, EV 110.6 MPH)
|
| Top of the 9th over - 0 runs, 1 hit, 0 errors, 2 left on base; Washington 1 - Atlanta 7 |
|